AoeStats
← Trabzonli Bela

African Clearing

511043733Analyzed
2v2 RM · 5h ago on Oct 3, 2026· 34m 20s· 4 players
Game mode
Random Map
Map size
Medium (4 player)
Population
200
Speed
Normal
Resources
Standard
Victory
Conquest
Starting age
Dark Age
Ending age
Imperial Age
RankedLock teamsTeams togetherTeam positionsShared explorationLock speedFull tech treeHidden civsTurbo modeCheats
Victory
Defeat
🇵🇰 Mongols · Pakistan
965
+16
🇹🇷 Saracens · Türkiye
947
+17
🇫🇷 Franks · France
1004
-51
🇺🇸 Burmese · United States
925
-15
titan_oranos
6:26 Loom
14:49 Feudal Age
16:14 Double-Bit Axe
18:50 Bloodlines
21:46 Stone Mining
23:43 Gold Mining
23:39 Horse Collar
28:43 Castle Age
27:19 Scale Barding Armor
28:01 Forging
34:43 Iron Casting
34:13 Husbandry
Trabzonli Bela
4:12 Loom
14:09 Feudal Age
15:04 Double-Bit Axe
15:13 Gold Mining
17:09 Fletching
PANZER7405
4:09 Loom
17:18 Feudal Age
19:00 Wheelbarrow
31:03 Man-at-Arms
33:12 Town Watch
LordNoob
Connection lost

Rejoining the realm…

Still unreachable

The connection could not be restored.

Session expired

The server has moved on; the page needs a fresh start.